Map: Odyssey LE

Players

Miracle - Winner!

  • Race: Terran Terran
  • League: Diamond
  • Spawn Location: 11:00

LaGGzOr

  • Race: Zerg Zerg
  • League: Diamond
  • Spawn Location: 5:00

VOD

Have the link to the VOD?

Description

Time

  • Played on: Dec. 28, 2017, 11:04 a.m.
  • Length: 12:07
Show
View Real Time Build Order
Export as new Build Order

Miracle Terran - Winner!

Build Orders: MMM Bio 

Get SALT Encoding   

  12  0:01  SCV  
  13  0:13  SCV  
  14  0:21  Supply Depot  
  14  0:25  SCV  
  15  0:42  SCV  
  16  0:45  Barracks  
  16  0:54  SCV  
  17  1:06  SCV  
  17  1:07  Barracks  
  18  1:32  Marine  
  18  1:33  Command Center  
  18  1:39  Orbital Command  
  19  1:52  Refinery, Marine  
  20  1:54  Marine  
  20  1:57  Supply Depot  
  21  2:09  SCV  
  21  2:12  Refinery  
  22  2:16  Marine  
  22  2:19  Marine  
  24  2:36  Marine  
  25  2:49  Orbital Command  
  25  2:53  Command Center  
  25  3:04  Marine x2  
  26  3:18  SCV  
  27  3:21  Factory  
  27  3:25  Barracks  
  22  4:00  SCV  
  24  4:08  Starport  
  22  4:13  Barracks Tech Lab  
  22  4:14  Factory Tech Lab  
  22  4:21  Engineering Bay  
  22  4:26  Engineering Bay  
  22  4:27  Orbital Command, Barracks Reactor  
  22  4:28  SCV  
  23  4:39  SCV  
  23  4:40  Barracks Tech Lab  
  23  4:42  Siege Tank  
  23  4:45  Stimpack  
  27  4:48  Starport Reactor  
  27  4:53  SCV x3  
  30  5:04  Marine x3  
  30  5:05  SCV x3  
  36  5:17  SCV  
  36  5:18  SCV x2  
  36  5:20  Refinery  
  39  5:21  Refinery, Marine  
  39  5:26  Terran Infantry Armor Level 1, Terran Infantry Weapons Level 1  
  40  5:29  SCV  
  40  5:30  SCV  
  40  5:35  Marine x3  
  45  5:36  SCV  
  46  5:44  Barracks  
  46  5:45  Barracks  
  46  5:46  SCV x2  
  48  5:55  Marine x4  
  48  5:56  Combat Shields  
  52  6:00  SCV  
  53  6:06  Medivac  
  53  6:07  Medivac  
  57  6:16  Marine  
  61  6:23  Supply Depot  
  61  6:30  SCV x2  
  60  6:33  Barracks Reactor x2  
  60  6:42  Command Center  
  60  6:45  Marine x4  
  64  6:47  SCV x3  
  64  6:50  Supply Depot  
  67  6:59  SCV  
  67  7:00  SCV  
  69  7:08  Supply Depot  
  69  7:09  Supply Depot  
  69  7:11  Marine x6  
  69  7:12  Marine x2  
  77  7:29  Medivac x2, SCV, Marine x2  
  80  7:40  Marine x5  
  80  7:41  Marine  
  86  7:47  Marine x2  
  86  7:49  Barracks  
  88  7:53  Armory  
  88  7:58  Marine  
  85  8:10  Marine x3  
  88  8:15  Marine x5, Orbital Command, Liberator x2  
  88  8:17  Supply Depot x2  
  93  8:26  SCV x2  
  95  8:30  Orbital Command  
  95  8:32  Starport  
  101  8:38  SCV x2  
  103  8:43  Marine x2, Marauder  
  107  9:02  Marine x3  
  110  9:03  Marine x3, Marauder  
  110  9:04  Siege Tank  
  110  9:05  SCV x3, Marauder  
  110  9:09  Bunker  
  123  9:13  Bunker  
  123  9:25  Marine  
  123  9:27  Starport Reactor  
  123  9:28  Barracks Reactor  
  124  9:32  Supply Depot  
  124  9:34  Supply Depot  
  124  9:54  Medivac x2, Marine x2, Marauder  
  124  9:55  Marine  
  124  9:56  SCV, Marauder  
  124  9:58  Supply Depot  
  136  10:00  Supply Depot  
  131  10:08  SCV  
  131  10:10  Marine x3  
  131  10:11  SCV, Marine x2  
  131  10:12  SCV x2  
  131  10:13  Marine  
  140  10:16  Marauder  
  140  10:17  Marauder  
  140  10:20  SCV  
  141  10:23  SCV  
  141  10:28  Marine x3  
  142  10:37  Marauder  
  142  10:39  Marauder  
  139  10:54  Marine x5  
  139  10:55  Marine  
  139  10:56  Medivac x2  
  149  10:59  Marauder  
  149  11:00  Marauder  
  153  11:12  Marine x3  
  136  11:20  Marauder  
  136  11:21  Marine  
  136  11:22  Marine x2, Marauder  
  143  11:26  Medivac x2  
  143  11:29  Marine  
  143  11:30  Marine  
  149  11:34  Refinery  
  149  11:35  Refinery  
  149  11:39  Marine x3  
  151  11:40  Marine  
  151  11:42  Marauder  
  151  11:46  Supply Depot x2  
Show
View Real Time Build Order
Export as new Build Order

LaGGzOr Zerg 

Build Orders: 3 Hatch before Pool 

Get SALT Encoding   

  12  0:00  Drone  
  13  0:12  Overlord  
  13  0:17  Drone  
  14  0:31  Drone x2  
  14  0:34  Drone  
  17  0:52  Hatchery  
  17  0:55  Drone  
  17  0:57  Drone  
  18  1:10  Drone  
  19  1:22  Hatchery  
  18  1:33  Spawning Pool  
  18  1:35  Drone  
  19  1:40  Drone  
  19  1:42  Drone  
  20  1:52  Overlord  
  20  2:03  Drone  
  20  2:06  Drone  
  22  2:15  Drone  
  23  2:20  Queen x2  
  23  2:22  Zergling x2  
  28  2:23  Zergling x2  
  28  2:28  Drone  
  30  2:37  Drone  
  30  2:38  Drone x2  
  33  2:47  Overlord x2  
  33  2:51  Queen  
  33  2:55  Overlord  
  35  3:12  Queen x2  
  37  3:15  Zergling x10  
  37  3:18  Extractor  
  37  3:19  Extractor  
  41  3:45  Queen  
  41  3:48  Drone x6  
  42  3:49  Drone x6  
  50  4:03  Roach Warren  
  49  4:17  Metabolic Boost  
  49  4:22  Evolution Chamber  
  48  4:24  Evolution Chamber  
  48  4:28  Queen x2  
  48  4:30  Queen  
  53  4:41  Drone x4  
  53  4:43  Overlord  
  53  4:45  Overlord  
  57  4:52  Zerg Missile Weapons Level 1  
  57  5:04  Lair  
  57  5:18  Extractor x2  
  57  5:21  Roach x6  
  57  5:24  Drone x6  
  57  5:27  Overlord  
  73  5:37  Overlord x2  
  73  5:57  Roach x4  
  73  5:58  Roach x4  
  73  6:02  Overseer  
  89  6:11  Glial Reconstitution  
  89  6:14  Overlord  
  89  6:15  Overlord x2  
  89  6:36  Drone x2  
  89  6:37  Drone x3  
  89  6:38  Hatchery, Drone x2  
  89  6:39  Drone  
  96  6:41  Drone  
  96  6:42  Ravager  
  96  6:43  Ravager  
  99  6:48  Drone  
  99  6:49  Hydralisk Den  
  99  6:50  Drone  
  100  7:05  Overlord x3  
  100  7:07  Drone x4  
  104  7:11  Drone x2  
  104  7:12  Drone  
  107  7:27  Roach x6  
  118  7:47  Roach  
  118  7:48  Roach x8  
  136  7:52  Overlord x4  
  136  7:59  Muscular Augments  
  134  8:06  Hatchery  
  133  8:25  Hydralisk  
  133  8:26  Hydralisk x11  
  156  8:30  Drone x2, Extractor x2  
  156  8:47  Zerg Missile Weapons Level 2  
  156  8:48  Zerg Ground Armor Level 1  
  156  8:49  Infestation Pit  
  156  8:52  Drone x3  
  156  8:53  Drone x4  
  156  8:54  Drone x2  
  164  9:22  Overlord  
  164  9:23  Overlord x4  
  164  9:24  Drone  
  164  9:25  Drone x7  
  172  9:44  Hydralisk x11  
  189  10:16  Hydralisk x6  
  189  10:17  Hatchery  
  199  10:25  Hatchery, Lair  
  172  10:37  Hydralisk Den, Overlord x6  
  157  11:06  Roach  
  157  11:07  Roach x8  
  175  11:19  Hatchery  
  174  11:35  Drone x7  
  133  12:01  Extractor  
Tags
 
Composition
MMM Bio
Matchup
TvZ
Spawn Locations
Cross Positions
Add a new tag
Caveats
  • Supply blocks, unpowered buildings, or Contaminate may cause inaccurate times.
  • Supply counts are checked every 10 seconds.